 Dungeon Crawl Stone Soup version 0.20.1-1-g8b1a95d (webtiles) character file.

6520 vineage the Bludgeoner (level 11, -1/60 HPs)
             Began as a Gargoyle Fighter on Nov 4, 2017.
             Was an Elder of Okawaru.
             Slain by a two-headed ogre
             ... wielding a +0 giant club
              (18 damage)
             ... on level 8 of the Dungeon.
             The game lasted 00:12:24 (7444 turns).

vineage the Bludgeoner (Gargoyle Fighter)           Turns: 7444, Time: 00:12:25

Health: -1/60      AC: 18    Str: 22    XL:     11   Next: 0%
Magic:  11/11      EV:  7    Int:  9    God:    Okawaru [****..]
Gold:   521        SH: 10    Dex: 10    Spells: 10/10 levels left

rFire    . . .     SeeInvis .   H - +1 whip (flame)
rCold    + . .     Gourm    +   c - +1 shield
rNeg     + . .     Faith    .   y - +2 scale mail {rC+}
rPois    ∞         Spirit   .   n - +0 helmet
rElec    +         Reflect  .   I - +0 cloak
rCorr    .         Harm     .   (no gloves)
MR       .....                  (no boots)
Stlth    ..........             D - amulet of the gourmand
Regen    0.2/turn               l - ring of wizardry
MPRegen  0.2/turn               (no ring)

@: berserk cooldown, very slightly contaminated, slowed, invisible (expiring),
very slow
A: negative energy resistance 1, electricity resistance, unbreathing,
petrification resistance, rot immunity, AC +7
a: Heroism, Renounce Religion


You were on level 8 of the Dungeon.
You worshipped Okawaru.
Okawaru was greatly pleased with you.
You were near starving.

You visited 1 branch of the dungeon, and saw 8 of its levels.

You collected 521 gold pieces.

Inventory:

Hand Weapons
 a - a +0 flail
 s - a +2 flail of venom
 H - a +1 whip of flaming (weapon)
Armour
 b - a +0 scale mail
 c - a +1 shield (worn)
 n - a +0 helmet (worn)
 y - a +2 scale mail of cold resistance (worn)
 I - a +0 cloak (worn)
Jewellery
 h - an uncursed ring of wizardry
 l - a ring of wizardry (left hand)
 D - an amulet of the gourmand (around neck)
Wands
 e - a wand of flame (26/48)
 i - a wand of flame (40/48)
Scrolls
 k - 2 scrolls of remove curse
 p - 2 scrolls of fog
 z - 4 scrolls of teleportation {unknown}
 C - a scroll of enchant armour
 E - a scroll of amnesia {unknown}
 F - 2 scrolls of enchant weapon {unknown}
 K - a scroll of recharging
Potions
 j - 2 potions of cancellation
 m - a potion of agility
 o - 2 potions of brilliance
 q - 2 potions of invisibility
 r - a potion of berserk rage
 t - a potion of heal wounds {unknown}
 v - a potion of ambrosia {unknown}
 w - a potion of mutation {unknown}
 G - a potion of flight {unknown}
Comestibles
 f - 7 bread rations
 g - 4 royal jellies
 u - 5 meat rations
 J - 14 fruits


   Skills:
 - Level 3.2 Fighting
 + Level 15.5 Maces & Flails
 - Level 3.2 Armour
 - Level 3.2 Shields


You had 10 spell levels left.
You didn't know any spells.

Dungeon Overview and Level Annotations

Branches:
Dungeon (8/15)             Temple (0/1) D:6            Lair (0/6) D:8

Altars:
Ashenzari
Cheibriados
Elyvilon
Fedhas
Kikubaaqudgha
Okawaru
Trog
Vehumet
Xom
The Shining One

Shops:
D:7 (   D:8 *


Innate Abilities, Weirdness & Mutations

You are resistant to torment.
Your stone body is resilient. (AC +7)
You are immune to poison.
You resist negative energy. (rN+)
You are resistant to electric shocks. (rElec)
You can survive without breathing.
You are immune to petrification.
You are immune to rotting.


Message History

You catch the helpless komodo dragon completely off-guard!
You thrash the komodo dragon!! You burn the komodo dragon.
The komodo dragon is almost dead.
You whack the komodo dragon! You burn the komodo dragon.
You kill the komodo dragon!
Okawaru accepts your kill.
You have reached level 11!
You see here a komodo dragon corpse.
You feel a strong urge to attack something.
You feel your anger subside.
You are near starving!
You are no longer berserk.
You are exhausted.
You feel yourself slow down.
You start resting.
You block the two-headed ogre's attack. The two-headed ogre barely misses you.
You flicker for a moment.
There is a stone staircase leading up here.
The two-headed ogre hits you with a giant club!!
You die...

#......##.# #.#.......#.## #
#..###.##.###)#..#.####..#
###..###.##.##..#....# ##.#
##.............##...## #.#
..............###..## #.#
..............#.....# #.#
....†.........#...†.######.#####
................O...##.........#
..............#.@....#...>=....#
..............#................#
....###########.....##.........#
....# ####.###.........# ....#
### #.........## ....#
#..........# ....# #...........
##### ####.####... #.##.....


You could see a two-headed ogre.

Vanquished Creatures
  A hydra (D:8)
  Pikel (D:7)
  The ghost of Glalom the Cleaver, a novice MiFi of Okawaru (D:7)
  Joseph (D:7)
  A komodo dragon (D:8)
  Grinder (D:6)
  The ghost of yogakurto the Sneak, an amateur OpAK of Lugonu (D:4)
  2 dream sheep (D:8)
  2 yaks (D:8)
  Eustachio (D:4)
  Edmund (D:6)
  A slave (D:7)
  2 black bears (D:7)
  3 ice beasts
  An orc warrior (D:8)
  2 ogres (D:6)
  3 phantoms
  2 centaurs (D:6)
  A bullfrog (D:6)
  3 big kobolds (D:8)
  4 scorpions
  8 killer bees (D:8)
  A howler monkey (D:5)
  4 crimson imps
  A bullfrog zombie (D:8)
  A quasit (D:6)
  Crazy Yiuf (D:7)
  3 orc priests
  5 hounds
  2 jellies (D:7)
  4 orc wizards
  Natasha (D:2)
  An iguana (D:8)
  5 worker ants
  2 killer bee zombies
  A hound zombie (D:7)
  A hound skeleton (D:6)
  A worker ant zombie (D:7)
  5 adders
  3 gnolls (D:4)
  2 worms (D:5)
  The ghost of letownia2 the Grave Robber, a weakling DDNe (D:6)
  3 dart slugs
  5 leopard geckos
  24 orcs
  2 ball pythons
  10 giant cockroaches
  3 goblins
  7 hobgoblins
  7 jackals
  6 kobolds
  8 bats
  4 frilled lizards
  2 quokka skeletons
  6 rats
175 creatures vanquished.

Vanquished Creatures (others)
  2 plants (D:8)
2 creatures vanquished.

Grand Total: 177 creatures vanquished

Notes
Turn   | Place    | Note
-------+----------+-------------------------------------------
     0 | D:1      | vineage the Gargoyle Fighter began the quest for the Orb.
     0 | D:1      | Reached XP level 1. HP: 14/14 MP: 1/1
   295 | D:1      | Reached XP level 2. HP: 17/19 MP: 2/2
   550 | D:2      | Found a faded altar of an unknown god.
   620 | D:2      | Reached skill level 3 in Maces & Flails
   725 | D:2      | Reached XP level 3. HP: 20/23 MP: 3/3
  1190 | D:2      | Noticed Natasha
  1200 | D:2      | Killed Natasha
  1200 | D:2      | Reached skill level 4 in Maces & Flails
  1200 | D:2      | Reached XP level 4. HP: 14/28 MP: 4/4
  1544 | D:3      | Noticed a phantom
  1572 | D:3      | Killed a phantom
  1572 | D:3      | Reached skill level 5 in Maces & Flails
  1572 | D:3      | Reached XP level 5. HP: 16/32 MP: 5/5
  1863 | D:3      | Found a snail-covered altar of Cheibriados.
  2240 | D:4      | Reached skill level 6 in Maces & Flails
  2240 | D:4      | Reached XP level 6. HP: 36/37 MP: 6/6
  2284 | D:4      | Noticed yogakurto's ghost (amateur OpAK)
  2309 | D:4      | Killed yogakurto's ghost
  2309 | D:4      | Reached skill level 7 in Maces & Flails
  2309 | D:4      | Reached XP level 7. HP: 23/41 MP: 7/7
  2697 | D:4      | Noticed Eustachio
  2720 | D:4      | Killed Eustachio
  2720 | D:4      | Reached skill level 8 in Maces & Flails
  3215 | D:5      | Entered Level 5 of the Dungeon
  3308 | D:5      | Reached skill level 9 in Maces & Flails
  3312 | D:5      | Reached XP level 8. HP: 46/46 MP: 8/8
  3366 | D:5      | Found a shattered altar of Ashenzari.
  3807 | D:5      | Found an ancient bone altar of Kikubaaqudgha.
  3840 | D:5      | You fall through a shaft for 2 floors!
  3840 | D:7      | Noticed Joseph
  3852 | D:7      | Killed Joseph
  3852 | D:7      | Reached skill level 10 in Maces & Flails
  4447 | D:6      | Found an iron altar of Okawaru.
  4451 | D:6      | Noticed Edmund
  4463 | D:6      | Killed Edmund
  4476 | D:6      | Became a worshipper of Warmaster Okawaru
  4482 | D:6      | Noticed letownia2's ghost (weakling DDNe)
  4491 | D:6      | Killed letownia2's ghost
  4497 | D:6      | Found a glowing golden altar of the Shining One.
  4510 | D:6      | Reached skill level 11 in Maces & Flails
  4529 | D:6      | Found a white marble altar of Elyvilon.
  4538 | D:6      | Found a radiant altar of Vehumet.
  4589 | D:6      | Found a staircase to the Ecumenical Temple.
  4674 | D:6      | Reached XP level 9. HP: 49/51 MP: 9/9
  4782 | D:6      | Noticed Grinder
  4791 | D:6      | Killed Grinder
  4821 | D:6      | Reached * piety under Okawaru
  4825 | D:6      | Found a blossoming altar of Fedhas.
  4965 | D:6      | Reached skill level 12 in Maces & Flails
  5463 | D:7      | Noticed Glalom's ghost (novice MiFi)
  5503 | D:7      | Killed Glalom's ghost
  5589 | D:7      | Reached skill level 13 in Maces & Flails
  5806 | D:7      | Reached ** piety under Okawaru
  5811 | D:7      | Reached XP level 10. HP: 55/56 MP: 10/10
  5840 | D:7      | Found Uway's Weapon Shoppe.
  5876 | D:7      | Found a bloodstained altar of Trog.
  5927 | D:7      | Found a shimmering altar of Xom.
  6111 | D:7      | Found a runed door.
  6132 | D:7      | Noticed Pikel
  6153 | D:7      | Killed Pikel
  6178 | D:7      | Noticed Crazy Yiuf
  6195 | D:7      | Killed Crazy Yiuf
  6277 | D:8      | Reached skill level 14 in Maces & Flails
  6412 | D:8      | Found Fyalar's Assorted Antiques.
  6525 | D:8      | Reached *** piety under Okawaru
  6730 | D:8      | Noticed a three-headed hydra
  6748 | D:8      | Killed a three-headed hydra
  6748 | D:8      | Reached skill level 15 in Maces & Flails
  6936 | D:8      | Found a sand-covered staircase.
  7003 | D:8      | Reached **** piety under Okawaru
  7352 | D:8      | Found a staircase to the Lair.
  7394 | D:8      | Noticed a two-headed ogre
  7422 | D:8      | Reached XP level 11. HP: 16/60 MP: 11/11
  7444 | D:8      | Slain by a two-headed ogre

Skill      XL: |  1  2  3  4  5  6  7  8  9 10 |
---------------+-------------------------------+-----
Maces & Flails | 3 4 5 6 7 9 11 13 15 | 15.5
Fighting       | |  3.2
Armour         | |  3.2
Shields        | |  3.2

Action                   |  1- 3 |  4- 6 |  7- 9 | 10-12 || total
-------------------------+-------+-------+-------+-------++-------
Melee: Flail             |   126 |   132 |   365 |    31 ||   654
       Whip              |       |       |       |   332 ||   332
  Use: Scroll            |     3 |     7 |     1 |     6 ||    17
       Potion            |       |     1 |    10 |     6 ||    17
 Stab: Invisible         |       |       |       |     2 ||     2
  Eat: Chunk             |     1 |     3 |    10 |     3 ||    17
       Fruit             |       |       |     2 |     2 ||     4
Armor: Scale mail        |    70 |    91 |   172 |   155 ||   488
Dodge: Dodged            |    37 |    47 |    92 |   105 ||   281
Block: Shield            |    60 |    68 |   180 |   165 ||   473
